 Dungeon Crawl Stone Soup version 0.16-a0-787-g31dbbe7 (console) character file.

60 Kellhus the Ruinous (level 4, 20/24 HPs)
             Began as a Gargoyle Wizard on Sept 27, 2014.
             Quit the game on Level 2 of the Dungeon.
             The game lasted 00:02:33 (1973 turns).

Kellhus the Ruinous (Gargoyle Wizard)               Turns: 1973, Time: 00:02:34

HP  20/24        AC  6     Str 11      XL: 4   Next:  4%
MP   0/9         EV 11     Int 19      God:
Gold 104         SH  0     Dex  8      Spells:  1 memorised,  8 levels left

rFire  . . .     SeeInvis .     (no weapon)
rCold  . . .     Clarity  .     a - +0 robe
rNeg   + . .     rCorr    .     (no shield)
rPois  +         rRot     +     b - +0 hat
rElec  +         Spirit   .     o - +0 cloak
SustAb .         Warding  .     (no gloves)
rMut   .         Stasis   .     (no boots)
Gourm  .                        (no amulet)
MR     .....                    (no ring)
                                (no ring)

@: not resistant to hostile enchantments, unstealthy
A: negative energy resistance 1, electricity resistance, unbreathing,
petrification resistance, rot immunity, AC +3
a: no special abilities


You were on level 2 of the Dungeon.
You were not hungry.

You visited 1 branch of the dungeon, and saw 2 of its levels.

You collected 104 gold pieces.

Inventory:

Armour
 a - a +0 robe (worn)
 b - a +0 hat (worn)
 o - a +0 cloak (worn)
Comestibles
 d - 3 bread rations
 l - 3 fruits
 n - a slice of pizza
Scrolls
 e - 2 scrolls of teleportation {unknown}
 h - a scroll of recharging {unknown}
 i - a scroll of enchant armour {unknown}
 j - a scroll of magic mapping {unknown}
 k - a scroll of remove curse {unknown}
 p - 2 scrolls of blinking {unknown}
Potions
 f - a potion of brilliance {unknown}
 g - a potion of haste {unknown}
 m - a potion of curing {unknown}
Books
 c - a book of Minor Magic

   Spells                             Type                      Level
   *Magic Dart                        Conjuration                  1
   Blink                              Translocation                2
   Call Imp                           Summoning                    2
   Repel Missiles                     Charms/Air                   2
   Slow                               Hexes                        2
   Conjure Flame                      Conjuration/Fire             3
   Mephitic Cloud                     Conjuration/Poison/Air       3


   Skills:
 - Level 1.5 Dodging
 - Level 2.1 Stealth
 - Level 3.0 Spellcasting
 + Level 4.1 Conjurations
   Level 0.8 Summonings
   Level 0.8 Translocations


You had 8 spell levels left.
You knew the following spells:

 Your Spells              Type           Power        Failure   Level  Hunger
a - Magic Dart            Conj           ###.         3%          1    None


Dungeon Overview and Level Annotations

Branches:
Dungeon (2/15)

Altars:


Innate Abilities, Weirdness & Mutations

You are resistant to torment.
You are immune to poison.
Your stone body is very resilient (AC +3).
You resist negative energy.
You are resistant to electric shocks.
You can survive without breathing.
You are immune to petrification.
You are immune to rotting.


Message History

Confirm with . or Enter, or press ? or * to list all spells.
Aiming: Magic Dart
Press: ? - help, Shift-Dir - straight line, f/p - adder
Aim: an adder (severely wounded)
The magic dart hits the adder.
The adder is severely wounded.
The adder bites you but does no damage. The adder bites you but does no damage.
The adder misses you. The adder bites you.
Casting: Magic Dart
Confirm with . or Enter, or press ? or * to list all spells.
Aiming: Magic Dart
Press: ? - help, Shift-Dir - straight line, f/p - adder
Aim: an adder (severely wounded)
The magic dart hits the adder.
You kill the adder!
Your Conjurations skill increases to level 4!
You have reached level 4!
You feel stronger.
Are you sure you want to abandon this character and quit the game? (Confirm with "yes".)

#...########
#...........
#..######### #..#
#..# #..#
#######..#####
#........[...#
#.######@.##.######
#.# #............#
#.# #.#..##.######
#.####.#..##.#
#.##...#..##.#
#.##.###[.##.#
#.##.# #..##.###
#.##.# #.......#
#.##.###%###.#.#


There were no monsters in sight!

Vanquished Creatures
  2 adders (D:2)
  A worm (D:2)
  2 giant geckos
  A ball python (D:2)
  2 giant cockroaches (D:1)
  8 goblins
  3 hobgoblins (D:1)
  2 kobolds
  3 bats (D:1)
  A giant newt (D:2)
  8 rats
33 creatures vanquished.

Notes
Turn   | Place    | Note
--------------------------------------------------------------
     0 | D:1      | Kellhus, the Gargoyle Wizard, began the quest for the Orb.
     0 | D:1      | Reached XP level 1. HP: 10/10 MP: 4/4
   390 | D:1      | Reached XP level 2. HP: 15/15 MP: 1/6
  1433 | D:2      | Reached XP level 3. HP: 19/19 MP: 2/7
  1972 | D:2      | Reached skill level 4 in Conjurations
  1972 | D:2      | Reached XP level 4. HP: 20/24 MP: 0/9
  1973 | D:2      | Quit the game

Action                   |  1- 3 |  4- 6 || total
-------------------------+-------+-------++-------
Melee: Unarmed           |     8 |       ||     8
 Cast: Magic Dart        |    85 |     1 ||    86
  Eat: Chunk             |     3 |       ||     3
